 Dungeon Crawl Stone Soup version 0.17.0-24-gcfadda4 (console) character file.

81 gw the Grasshopper (level 4, -6/26 HPs)
             Began as a Deep Elf Warper on Nov 17, 2015.
             Mangled by gw's ghost (7 damage)
             ... on level 3 of the Dungeon.
             The game lasted 00:02:34 (3402 turns).

gw the Grasshopper (Deep Elf Warper)                Turns: 3402, Time: 00:02:34

Health: -6/26      AC:  4    Str:  8    XL:     4   Next: 20%
Magic:  11/11      EV: 12    Int: 19    God:
Gold:   62         SH:  0    Dex: 14    Spells: 3 memorised, 3 levels left

rFire  + . .     SeeInvis .     a - +3 falchion
rCold  + . .     Clarity  .     b - +0 leather armour
rNeg   . . .     SustAt   .     (no shield)
rPois  +         Gourm    .     (no helmet)
rElec  +         Spirit   .     (no cloak)
rCorr  +         Warding  .     (no gloves)
rMut   .         Stasis   .     m - +0 pair of boots
MR     .....                    (no amulet)
Stlth  +.........               (no ring)
                                (no ring)

@: resistant, not resistant to hostile enchantments, very unstealthy
A: no striking features
a: no special abilities


You were on level 3 of the Dungeon.
You were not hungry.

You visited 1 branch of the dungeon, and saw 3 of its levels.

You collected 62 gold pieces.

Inventory:

Hand Weapons
 a - a +3 falchion (weapon)
Missiles
 g - 53 arrows
Armour
 b - a +0 leather armour (worn)
 m - a +0 pair of boots (worn)
Scrolls
 d - a scroll of blinking
 o - a scroll of identify
Potions
 e - a potion of agility
Books
 c - a book of Spatial Translocations

   Spells                             Type                      Level
   a - Apportation                    Translocation                1
   b - Blink                          Translocation                2
   c - Shroud of Golubria             Charms/Translocation         2
   d - Portal Projectile              Translocation                3
   e - Teleport Other                 Translocation                3
   f - Passage of Golubria            Translocation                4
Comestibles
 f - 2 bread rations
 h - a beef jerky
 i - 2 meat rations
 l - 2 fruits


   Skills:
 + Level 1.9 Fighting
 + Level 2.5 Long Blades
 - Level 1.0 Throwing
 - Level 0.7 Armour
 + Level 3.0 Dodging
 * Level 3.9 Spellcasting
 + Level 4.0 Translocations


You had 3 spell levels left.
You knew the following spells:

 Your Spells              Type           Power        Failure   Level  Hunger
b - Blink                 Tloc           N/A          10%         2    ##.....
c - Shroud of Golubria    Chrm/Tloc      ##........   17%         2    ##.....
d - Portal Projectile     Tloc           ###...       14%         3    ###....


Dungeon Overview and Level Annotations

Branches:
Dungeon (3/15)

Altars:

Annotations:
D:3 gw's ghost, amateur CeHu


Message History

Attempting RANGED ATTACK TO (-4,1); ATTACKING (-1,0)
You swing at nothing.
Attempting RANGED ATTACK TO (-3,1); ATTACKING (-1,0)
You swing at nothing.
ATTACKING (-1,1)
You barely miss gw's ghost. Gw's ghost hits you.
ATTACKING (-1,1)
You hit gw's ghost.
Gw's ghost is lightly damaged.
Gw's ghost hits you! The hobgoblin hits you with a club.
ATTACKING (-1,1)
You barely miss gw's ghost.
Gw's ghost is lightly damaged.
Gw's ghost hits you. The hobgoblin hits you with a club.
ATTACKING (-1,1)
You hit gw's ghost.
Gw's ghost is moderately damaged.
Gw's ghost hits you but does no damage. The hobgoblin closely misses you.
Gw's ghost hits you!
You die...

..#######........##
.....................
######............###
###..........#
#..........#
#..........#
#...........
##..........
##e.......
......Wg.......
...#.....##....
......## ....
##.....# ... #.....#
.. .....%# .#.....#


You could see gw's ghost and a hobgoblin.

Table legend:
 A = Turns spent in this place as a percentage of turns spent in the entire game.
 B = Non-inter-level travel turns spent in this place as a percentage of non-inter-level travel turns spent in the entire game.
 C = Inter-level travel turns spent in this place as a percentage of turns spent in this place.
 D = Turns resting spent in this place as a percentage of non-inter-level travel turns spent in this place.
 E = Turns spent auto-exploring this place as a percentage of non-inter-level travel turns spent in this place.
 F = Non-inter-level travel turns spent in this place divided by the number of levels of this place that you've seen.
                   A       B       C       D       E      F
               +-------+-------+-------+-------+-------+----------------------
         Total | 100.0 | 100.0 |   0.8 |   1.9 |   2.6 | 1118.0
       Dungeon | 100.0 | 100.0 |   0.8 |   1.9 |   2.6 | 1118.0
               +-------+-------+-------+-------+-------+----------------------

Table legend:
 A = Kills in this place as a percentage of kills in entire the game.
 B = Kills by you in this place as a percentage of kills by you in the entire game.
 C = Kills by friends in this place as a percentage of kills by friends in the entire game.
 D = Other kills in this place as a percentage of other kills in the entire game.
 E = Experience gained in this place as a percentage of experience gained in the entire game.
 F = Experience gained in this place divided by the number of levels of this place that you have seen.
                   A       B       C       D       E      F
               +-------+-------+-------+-------+-------+----------------------
         Total | 100.0 | 100.0 |  -nan |  -nan | 100.0 |  39.0
       Dungeon | 100.0 | 100.0 |  -nan |  -nan | 100.0 |  39.0
               +-------+-------+-------+-------+-------+----------------------

Vanquished Creatures
  4 adders
  A worm (D:2)
  2 giant geckos (D:1)
  4 bats
  2 giant cockroaches
  6 goblins
  6 hobgoblins
  4 giant newts
  7 kobolds
  6 rats
42 creatures vanquished.

Notes
Turn   | Place    | Note
--------------------------------------------------------------
     0 | D:1      | gw the Deep Elf Warper began the quest for the Orb.
     0 | D:1      | Reached XP level 1. HP: 12/12 MP: 6/6
   226 | D:1      | Reached XP level 2. HP: 8/16 MP: 8/8
   387 | D:1      | Learned a level 2 spell: Blink
   390 | D:1      | Learned a level 2 spell: Shroud of Golubria
  1352 | D:1      | Reached XP level 3. HP: 6/21 MP: 1/10
  1598 | D:1      | Learned a level 3 spell: Portal Projectile
  2207 | D:2      | Reached skill level 4 in Translocations
  2599 | D:2      | Reached XP level 4. HP: 26/26 MP: 11/11
  3396 | D:3      | Noticed gw's ghost (amateur CeHu)
  3401 | D:3      | HP: 1/26 [hobgoblin/club (1)]
  3402 | D:3      | Mangled by gw's ghost

Action                   |  1- 3 |  4- 6 || total
-------------------------+-------+-------++-------
Melee: Falchion          |   118 |    37 ||   155
Throw: Tomahawk          |     5 |       ||     5
 Cast: Shroud of Golubri |    14 |       ||    14
  Use: Scroll            |     6 |     2 ||     8
       Potion            |     3 |     5 ||     8
 Stab: Sleeping          |       |     1 ||     1
  Eat: Chunk             |     6 |     3 ||     9

Vault maps used:
D:1:      dpeg_arrival_solitude, nrook_loot_triangle
D:2:      first_bread, supply_closet_lemuel
D:3:      corexii_hall_statues_l, minmay_door_square
